 Dungeon Crawl Stone Soup version 0.23.0 (webtiles) character file.

Game seed: 10511560748289221200

7005 misha the Basher (level 10, 0/90 HPs)
             Began as a Minotaur Fighter on Feb 16, 2019.
             Was a Follower of Uskayaw.
             Slain by a death knight
             ... wielding a +3 morningstar
              (15 damage)
             ... on level 9 of the Dungeon on Feb 17, 2019.
             The game lasted 01:25:40 (10247 turns).

misha the Basher (Minotaur Fighter)                Turns: 10247, Time: 01:25:44

Health: 0/90       AC: 23    Str: 24    XL:     10   Next: 82%
Magic:  14/14      EV:  6    Int:  5    God:    Uskayaw [*.....]
Gold:   489        SH: 11    Dex: 10    Spells: 9/9 levels left

rFire    . . .     SeeInvis .   b - +2 flail (protect)
rCold    . . .     Gourm    .   c - +0 shield
rNeg     . . .     Faith    .   M - +1 plate armour {MR+}
rPois    .         Spirit   .   (helmet restricted)
rElec    .         Reflect  .   (no cloak)
rCorr    .         Harm     .   n - +0 pair of gloves
MR       +....                  (no boots)
Stlth    ..........             (no amulet)
HPRegen  0.25/turn              (no ring)
MPRegen  0.14/turn              (no ring)

@: protection aura, slowed, very slow
A: retaliatory headbutt, horns 2
a: Stomp, Renounce Religion


You were on level 9 of the Dungeon.
You worshipped Uskayaw.
Uskayaw was noncommittal.
You were very full.

You visited 2 branches of the dungeon, and saw 10 of its levels.
You also visited: Sewer.

You collected 489 gold pieces.

Inventory:

Hand Weapons
 a - a +0 whip of flaming
 b - a +2 flail of protection (weapon)
 s - a +1 dagger of venom
 D - a +0 hunting sling
 G - a +3 dire flail
 R - a +0 shortbow
Missiles
 r - 284 stones (quivered)
 t - 57 sling bullets
 y - a throwing net
 P - 72 arrows
Armour
 c - a +0 shield (worn)
 g - a +0 helmet
 n - a +0 pair of gloves (worn)
 q - a +0 scale mail
 J - a +0 chain mail
 M - a +1 plate armour of magic resistance (worn)
 O - the +2 robe "Rotsidyr" {*Slow rC+++ rN+ Stlth+, unknown}
   (You found it on level 8 of the Dungeon)

   It renders you almost immune to cold.
   It protects you from negative energy.
   It may slow you when you take damage.
   It makes you more stealthy.
Jewellery
 o - a +3 amulet of reflection
Wands
 u - a wand of disintegration (1)
 A - a wand of digging (4)
 I - a wand of polymorph (7)
Scrolls
 e - 3 scrolls of enchant weapon
 j - 6 scrolls of blinking {unknown}
 k - 3 scrolls of teleportation
 x - a scroll of magic mapping {unknown}
 z - 3 scrolls of fog
 B - a scroll of amnesia {unknown}
 C - 3 scrolls of remove curse
 E - a scroll of fear {unknown}
 F - 2 scrolls of identify
 H - a scroll of noise {unknown}
 K - a scroll of random uselessness {unknown}
 L - 2 scrolls of vulnerability {unknown}
 N - a scroll of acquirement {unknown}
 S - a scroll of summoning {unknown}
Potions
 d - 3 potions of might
 h - 4 potions of magic
 i - 3 potions of curing
 l - 3 potions of brilliance
 m - 3 potions of flight
 p - 3 potions of heal wounds
 v - a potion of cancellation
 w - 2 potions of haste
 Q - a potion of experience {unknown}
Comestibles
 f - 10 rations


   Skills:
 + Level 8.8 Fighting
 * Level 11.4 Maces & Flails
 + Level 9.2 Armour
 - Level 0.1 Stealth
 + Level 8.8 Shields
 * Level 7.0 Invocations


You had 9 spell levels left.
You didn't know any spells.
Your spell library contained the following spells:

 Spells                   Type           Power        Failure   Level  Hunger
 Animate Skeleton         Necr           N/A          100%        1    ##.....


Dungeon Overview and Level Annotations

Branches:
Dungeon (9/15)             Temple (1/1) D:7
   Lair: D:8-11         Orc: D:9-12

Altars:
Ashenzari
Cheibriados
Dithmenos
Elyvilon
Fedhas
Gozag
Hepliaklqana
Kikubaaqudgha
Makhleb
Nemelex Xobeh
Okawaru
Qazlal
Ru
Sif Muna
Trog
Uskayaw
Vehumet
Wu Jian
Xom
Yredelemnul
Zin
The Shining One

Shops:
D:8 ?


Innate Abilities, Weirdness & Mutations

You reflexively headbutt those who attack you in melee.
You have a pair of horns on your head.


Message History

You hit the freezing wraith but do no damage.
The death knight's dark mirror aura disappears.
You block the death knight's attack. You block the freezing wraith's attack.
The freezing wraith hits you.
* * * LOW HITPOINT WARNING * * *
The freezing wraith drains your vigour!
You feel yourself slow down.
You hit the freezing wraith but do no damage.
The death knight hits you with a +3 morningstar!
* * * LOW HITPOINT WARNING * * *
You block the freezing wraith's attack.
The freezing wraith hits you but does no damage.
You block the hound's attack.
You sock the freezing wraith!
Your headbutt misses the freezing wraith.
The freezing wraith is moderately damaged.
The hound barely misses you. You furiously retaliate!
You headbutt the hound.
The freezing wraith hits you but does no damage.
You block the freezing wraith's attack.
The death knight hits you with a +3 morningstar!
You die...

#######......#
.))..........#..........
..)..........#..........
########.....#..........
## #.....#.......... .#
##.####.......... .# #.#
#........# .##### #.#
#.W......# ......
#.####.p@.....#
#####.###.#......h....#
#)...†.#...........# #
#......#............. #
#......)...........## #
#.....#####........# #
##'#### ########## # ...
#+# ##... #.####


You could see a death knight, a freezing wraith and a hound.

Vanquished Creatures
  A skeletal warrior (D:9)
  Pikel (D:6)
  A phantasmal warrior (D:9)
  Grinder (D:4)
  2 hippogriffs (D:9)
  A wraith (D:9)
  Eustachio (D:4)
  A hungry ghost (D:8)
  Menkaure (D:6)
  Edmund (D:5)
  Duvessa (D:4)
  An orc warrior (D:7)
  An ice beast (D:7)
  7 ogres
  2 phantoms
  2 sky beasts
  3 centaurs
  2 crocodiles (D:9)
  A big kobold (D:8)
  2 bullfrogs (D:6)
  Dowan (D:4)
  4 scorpions
  4 killer bees (D:9)
  10 wights
  5 crimson imps
  2 quasits
  A jelly (D:6)
  5 orc priests
  A centaur skeleton (D:8)
  6 hounds
  11 orc wizards
  3 iguanas
  2 bullfrog skeletons
  Natasha (thrice) (D:2)
  4 worker ants
  Robin (D:2)
  18 adders
  3 gnolls (D:4)
  2 howler monkey skeletons (D:6)
  An ooze (D:3)
  An adder zombie (D:6)
  An adder skeleton (D:9)
  5 worms
  3 dart slugs
  4 leopard geckos
  29 orcs
  5 giant cockroaches
  14 goblins
  12 hobgoblins
  9 jackals
  16 kobolds
  2 quokkas (D:5)
  2 ball pythons
  5 bats (D:3)
  4 frilled lizards
  A jackal skeleton (D:4)
  A jackal zombie (D:5)
  A leopard gecko skeleton (D:5)
  A leopard gecko zombie (D:5)
  18 rats
  A plant (Temple)
255 creatures vanquished.

Vanquished Creatures (others)
  2 centaurs
  An adder (D:6)
  2 orcs (D:6)
5 creatures vanquished.

Grand Total: 260 creatures vanquished

Notes
Turn   | Place    | Note
-------+----------+-------------------------------------------
     0 | D:1      | misha the Minotaur Fighter began the quest for the Orb.
     0 | D:1      | Reached XP level 1. HP: 19/19 MP: 0/0
   173 | D:1      | Reached XP level 2. HP: 27/27 MP: 1/1
   799 | D:1      | Reached XP level 3. HP: 29/33 MP: 2/2
  1112 | D:2      | Noticed Natasha
  1116 | D:2      | Killed Natasha
  1116 | D:2      | Reached skill level 3 in Maces & Flails
  1116 | D:2      | Reached XP level 4. HP: 40/40 MP: 3/3
  1145 | D:2      | Noticed Natasha
  1153 | D:2      | Killed Natasha
  1153 | D:2      | Reached skill level 4 in Maces & Flails
  1224 | D:2      | Noticed Natasha
  1228 | D:2      | Killed Natasha
  1262 | D:2      | Reached skill level 5 in Armour
  1357 | D:2      | Reached XP level 5. HP: 39/46 MP: 4/4
  1422 | D:2      | Noticed Robin
  1557 | D:2      | Killed Robin
  2218 | D:3      | Reached skill level 5 in Maces & Flails
  2222 | D:3      | Reached XP level 6. HP: 22/53 MP: 5/5
  3304 | D:4      | Reached skill level 5 in Shields
  3328 | D:4      | Noticed a water elemental
  3330 | D:4      | Found a stormy altar of Qazlal.
  3331 | D:4      | Noticed a fire elemental
  3331 | D:4      | Noticed an air elemental
  3331 | D:4      | Noticed Eustachio
  3381 | D:4      | Killed Eustachio
  3381 | D:4      | Reached skill level 5 in Fighting
  3381 | D:4      | Reached skill level 6 in Maces & Flails
  3381 | D:4      | Reached XP level 7. HP: 48/61 MP: 6/6
  3511 | D:4      | Found a glowing drain.
  3539 | Sewer    | Entered a sewer
  3961 | D:4      | Noticed Grinder
  3966 | D:4      | Killed Grinder
  4046 | D:4      | Noticed Dowan
  4047 | D:4      | Noticed Duvessa
  4050 | D:4      | Killed Dowan
  4050 | D:4      | Reached skill level 7 in Maces & Flails
  4059 | D:4      | Killed Duvessa
  4150 | D:4      | Reached XP level 8. HP: 70/70 MP: 7/7
  4393 | D:5      | Entered Level 5 of the Dungeon
  4636 | D:5      | Noticed a -2 dagger
  4637 | D:5      | Noticed a +0 hand axe
  4643 | D:5      | Found a hide-covered altar of Uskayaw.
  4673 | D:5      | Became a worshipper of Uskayaw the Reveler
  4683 | D:5      | Reached * piety under Uskayaw
  4684 | D:5      | Reached skill level 8 in Maces & Flails
  4686 | D:5      | Reached ** piety under Uskayaw
  4742 | D:5      | Reached *** piety under Uskayaw
  4865 | D:5      | Found a hazy altar of Hepliaklqana.
  4892 | D:5      | Reached skill level 1 in Invocations
  4899 | D:5      | Noticed Edmund
  4908 | D:5      | Killed Edmund
  5170 | D:5      | Found a sparkling altar of Nemelex Xobeh.
  5226 | D:5      | Found a bloodstained altar of Trog.
  5426 | D:5      | Reached XP level 9. HP: 53/78 MP: 10/10
  5426 | D:5      | Reached **** piety under Uskayaw
  5489 | D:5      | Reached skill level 9 in Maces & Flails
  5752 | D:6      | Found a white marble altar of Elyvilon.
  5824 | D:6      | Noticed Pikel
  5840 | D:6      | Killed Pikel
  5968 | D:6      | Noticed Menkaure
  5972 | D:6      | Killed Menkaure
  6236 | D:6      | Found a basalt altar of Yredelemnul.
  6237 | D:6      | Found a glowing golden altar of the Shining One.
  6241 | D:6      | Noticed an angel
  6253 | D:6      | Noticed a profane servitor
  6770 | D:7      | Reached skill level 10 in Maces & Flails
  6857 | D:7      | Found a staircase to the Ecumenical Temple.
  6885 | Temple   | Entered the Ecumenical Temple
  7616 | D:7      | Reached skill level 5 in Invocations
  7977 | D:8      | Found Igequll's Magic Scroll Boutique.
  7984 | D:8      | Got a wizard robe
  8014 | D:8      | Reached XP level 10. HP: 87/88 MP: 12/12
  8211 | D:8      | Found a burning altar of Makhleb.
  8211 | D:8      | Found a shimmering altar of Xom.
  8545 | D:8      | Found a glowing silver altar of Zin.
  8695 | D:8      | Found a radiant altar of Vehumet.
  8707 | D:8      | Found an ancient bone altar of Kikubaaqudgha.
  8718 | D:8      | Identified Kikubaaqudgha's Collected Works on Evil Arts
  8728 | D:8      | Found a deep blue altar of Sif Muna.
  9118 | D:8      | Found Igequll's Magic Scroll Boutique.
  9184 | D:8      | Found a burning altar of Makhleb.
  9184 | D:8      | Found a shimmering altar of Xom.
  9293 | D:8      | Found a glowing silver altar of Zin.
  9875 | D:9      | Reached skill level 11 in Maces & Flails
 10022 | D:9      | Noticed a skeletal warrior
 10022 | D:9      | Noticed a phantasmal warrior
 10053 | D:9      | Killed a phantasmal warrior
 10064 | D:9      | Reached ***** piety under Uskayaw
 10071 | D:9      | Killed a skeletal warrior
 10223 | D:9      | Noticed a death knight
 10247 | D:9      | Slain by a death knight

Skill      XL: |  1  2  3  4  5  6  7  8  9 10 |
---------------+-------------------------------+-----
Fighting       | 4 5 6 7 8 |  8.8
Armour         | 4 5 6 7 8 9 |  9.2
Shields        | 4 5 6 7 8 |  8.8
Maces & Flails | 3 4 5 6 7 8 10 11 | 11.4
Invocations    | 2 5 7 |  7.0
Stealth        | |  0.1

Action                   |  1- 3 |  4- 6 |  7- 9 | 10-12 || total
-------------------------+-------+-------+-------+-------++-------
Melee: Flail             |    84 |   112 |   188 |    33 ||   417
       Headbutt          |    12 |    20 |    84 |    50 ||   166
       Whip              |       |       |   164 |   235 ||   399
 Fire: Hunting sling     |       |   118 |   100 |       ||   218
Evoke: Wand              |       |     3 |    11 |       ||    14
  Use: Scroll            |       |     9 |     3 |       ||    12
 Stab: Paralysed         |       |       |     2 |    14 ||    16
  Eat: Chunk             |       |     7 |    10 |     3 ||    20
       Ration            |       |       |     2 |     4 ||     6
Armor: Scale mail        |    27 |    58 |    75 |       ||   160
       Plate armour      |       |       |    24 |    91 ||   115
       Chain mail        |       |       |     4 |       ||     4
Dodge: Dodged            |    21 |    40 |    66 |    26 ||   153
Block: Shield            |    39 |   104 |   241 |   122 ||   506
       Reflection        |       |     1 |    24 |     1 ||    26
